[gd_resource type="Resource" script_class="PatientSchedule" load_steps=13 format=3 uid="uid://bti33vipokysf"]

[ext_resource type="Script" path="res://game/characters/npcs/patients/scheduling/activities/individual_activities/sleep_activity.gd" id="1_n4wu6"]
[ext_resource type="Script" path="res://game/characters/npcs/patients/scheduling/activities/activity_assignment.gd" id="2_82hf2"]
[ext_resource type="Resource" uid="uid://2qph67l2308" path="res://game/configurations/patients/defaults/default_pills_assignment.tres" id="3_tiikx"]
[ext_resource type="Resource" uid="uid://ceynvekks5ixg" path="res://game/configurations/patients/defaults/default_eat_assignment.tres" id="4_y0lda"]
[ext_resource type="Resource" uid="uid://bxupmivyovysw" path="res://game/configurations/patients/individuals/sunnyman/sunnyman_free_time_activity.tres" id="5_2blmu"]
[ext_resource type="Resource" uid="uid://c7yu2k6gnsx3v" path="res://game/configurations/patients/defaults/default_brush_teeth_assignment.tres" id="6_lm6e4"]
[ext_resource type="Resource" uid="uid://38m7ckbkdivj" path="res://game/configurations/patients/defaults/default_dinner_assignment.tres" id="6_u7cxp"]
[ext_resource type="Script" path="res://game/characters/npcs/patients/scheduling/patient_schedule.gd" id="7_27c63"]

[sub_resource type="Resource" id="Resource_huwoa"]
script = ExtResource("1_n4wu6")
bed_id = 0

[sub_resource type="Resource" id="Resource_5fl6t"]
script = ExtResource("2_82hf2")
activity = SubResource("Resource_huwoa")
_from_hours = 0
_from_minutes = 0
_to_hours = 7
_to_minutes = 0

[sub_resource type="Resource" id="Resource_k77re"]
script = ExtResource("1_n4wu6")
bed_id = 0

[sub_resource type="Resource" id="Resource_js0t7"]
script = ExtResource("2_82hf2")
activity = SubResource("Resource_k77re")
_from_hours = 22
_from_minutes = 30
_to_hours = 23
_to_minutes = 59

[resource]
script = ExtResource("7_27c63")
patient_id = 4
_assignments = Array[ExtResource("2_82hf2")]([SubResource("Resource_5fl6t"), ExtResource("3_tiikx"), ExtResource("4_y0lda"), ExtResource("5_2blmu"), ExtResource("6_u7cxp"), ExtResource("6_lm6e4"), SubResource("Resource_js0t7")])
